 Dungeon Crawl Stone Soup version 0.27.1-35-g4d5d836560 (console) character file.

Game seed: 8782424132488379618

1241 grimtooth the Conjurer (level 8, -9/57 HPs)
             Began as a Demigod Fire Elementalist on Dec 26, 2022.
             Killed from afar by Dowan (10 damage)
             ... with a puff of flame
             ... on level 4 of the Dungeon.
             The game lasted 00:34:55 (5944 turns).

grimtooth the Conjurer (Demigod Fire Elementalist)  Turns: 5944, Time: 00:34:56

Health: -9/57      AC:  5    Str:  9    XL:     8   Next: 4%
Magic:  9/13       EV: 12    Int: 31    God:
Gold:   263        SH:  0    Dex: 14    Spells: 5/10 levels left

rFire    . . .     SeeInvis +   u - +2 dagger (drain)
rCold    . . .     Faith    .   (no shield)
rNeg     . . .     Spirit   .   a - +0 robe
rPois    .         Reflect  .   w - +2 helmet
rElec    .         Harm     .   (no cloak)
rCorr    .         Rampage  .   (no gloves)
Will     .....                  (no boots)
Stlth    +.........             (no amulet)
HPRegen  0.19/turn              C - +6 ring of intelligence
MPRegen  0.13/turn              q - ring of see invisible

@: lit by a corona, hasted, glowing, very quick
A: high mp 1, forlorn
a: no special abilities


You were on level 4 of the Dungeon.
You visited 1 branch of the dungeon, and saw 6 of its levels.

You collected 263 gold pieces.

Inventory:

Hand Weapons
 l - a +2 hand axe of electrocution
 u - a +2 dagger of draining (weapon)
 G - a +3 lajatang
 J - a +2 morningstar
Missiles
 b - 243 stones
 e - 20 sling bullets
Armour
 a - a +0 robe (worn)
 h - a +0 buckler
 w - a +2 helmet (worn)
Jewellery
 j - a ring of protection from fire
 n - a ring of fire
 q - a ring of see invisible (right hand)
 C - a +6 ring of intelligence (left hand)
Wands
 x - a wand of flame (15)
 y - a wand of charming (6)
Scrolls
 f - a scroll of brand weapon {unknown}
 g - 3 scrolls of fog {unknown}
 i - a scroll of amnesia {unknown}
 m - 2 scrolls of teleportation {unknown}
 o - 2 scrolls of fear
 p - a scroll of magic mapping {unknown}
 s - 2 scrolls of enchant armour {unknown}
 H - a scroll of blinking {unknown}
Potions
 c - 2 potions of resistance {unknown}
 d - 5 potions of lignification
 k - a potion of haste
 r - a potion of invisibility {unknown}
 t - a potion of brilliance {unknown}
 v - a potion of magic {unknown}
 z - a potion of curing
 A - 2 potions of berserk rage {unknown}
 B - a potion of flight {unknown}
 D - a potion of degeneration {unknown}
 E - a potion of might {unknown}
 F - a potion of attraction {unknown}
 I - a potion of mutation {unknown}


   Skills:
 - Level 1.7 Dodging
 - Level 1.7 Stealth
 - Level 1.7 Spellcasting
 + Level 6.4 Conjurations
 - Level 6.0 Fire Magic
 + Level 3.2 Earth Magic


You had 5 spell levels left.
You knew the following spells:

 Your Spells              Type           Power      Damage    Failure   Level
a - Foxfire               Conj/Fire      100%       2x1d9     1%          1
b - Sandblast             Erth           46%        2d11      1%          1
c - Conjure Flame         Conj/Fire      41%        6-21      1%          3

Your spell library contained the following spells:

 Spells                   Type           Power      Damage    Failure   Level
 Passwall                 Tmut/Erth      10%        N/A       6%          2
 Sticky Flame             Conj/Fire      41%        2d6       6%          4
 Inner Flame              Hex/Fire       21%        N/A       7%          3
 Ignite Poison            Fire/Tmut/Pois 15%        N/A       10%         3
 Mephitic Cloud           Conj/Pois/Air  16%        N/A       10%         3
 Fireball                 Conj/Fire      20%        3d10      17%         5
 Gell's Gravitas          Tloc           1%         N/A       22%         3
 Teleport Other           Tloc           2%         N/A       22%         3
 Bolt of Magma            Conj/Fire/Erth 17%        4d9       24%         5
 Lee's Rapid Deconstruct  Erth           11%        3d9*      50%         5
 Dispersal                Tloc           1%         N/A       100%        6


Dungeon Overview and Level Annotations

Branches:
Dungeon (6/15)
 Temple: D:4-7

Annotations:
D:4 Dowan, Duvessa


Innate Abilities, Weirdness & Mutations

Your attributes grow dramatically as you level up.
You have an increased reservoir of magic. (+10% MP)
You shall have no god before yourself.


Message History

Duvessa is heavily wounded.
Duvessa hits you with a +0 short sword! Dowan casts a spell at you.
You are outlined in light.
Duvessa hits you with a +0 short sword!
Dowan zaps a wand.
The puff of flame hits you.
Dowan zaps a wand.
The puff of flame hits you!
Casting: Foxfire (safe; 1% risk of failure)
Confirm with . or Enter, or press ? or * to list all spells.
You conjure some foxfire!
Dowan casts a spell at Duvessa.
Duvessa seems to speed up.
The foxfire hits Duvessa but does no damage.
Duvessa is heavily wounded.
The foxfire hits Duvessa.
Duvessa is severely wounded.
Duvessa hits you with a +0 short sword. x2
* * * LOW HITPOINT WARNING * * *
Press: ? - help, v - describe, . - travel
Here: Duvessa, wielding a +0 short sword and wearing a +3 chain mail of poison resistance (severely wounded, fast)
The floor.
Okay, then.
Press: ? - help, v - describe, . - travel
Here: Dowan, wielding a +0 dagger, wearing a +0 robe and carrying a wand of flame (7)
The floor.
Aiming: Charm
Press: ? - help, Shift-Dir - straight line, f - Duvessa
Aim: Duvessa, wielding a +0 short sword and wearing a +3 chain mail of poison resistance (severely wounded, fast, chance to affect: 28%) Duvessa easily resists.
Duvessa hits you with a +0 short sword.
* * * LOW HITPOINT WARNING * * *
You feel yourself speed up. Duvessa hits you with a +0 short sword.
* * * LOW HITPOINT WARNING * * *
Duvessa hits you with a +0 short sword.
* * * LOW HITPOINT WARNING * * *
You feel better. Duvessa hits you with a +0 short sword!
* * * LOW HITPOINT WARNING * * *
Dowan mumbles some strange words.
Dowan blinks!
Dowan zaps a wand.
The puff of flame hits you!
You die...

#..###.# #...# # #.## #.##
########## #.####).###
#.....
#.##......#####..###
##.#........##....#
#............######
#.#..........# ######
#.#..........###.)...
#.#..........##......
#.#..........#>......
#.##@.......##.......
#.##........##.......
#.#.e........#.......
#.#..........#.......
#.#>.........#.......
#.#..........##......
#.#....<.§...###.....
#.##..e.....## ####.#
######.###.......######..#
#.........)#####....#...##
#........).# ####...#..§


You could see Duvessa (fast) and Dowan.

Vanquished Creatures
  A wyvern (D:6)
  A black bear (D:5)
  An ogre (D:6)
  A necrophage (D:5)
  A phantom (D:6)
  A bullfrog (D:6)
  A wyvern zombie (D:5)
  A water moccasin zombie (D:6)
  2 scorpions
  4 wights (D:6)
  A jelly (D:6)
  2 hounds
  A hound zombie (D:5)
  2 hound skeletons
  Robin (D:4)
  4 adders
  A gnoll (D:4)
  2 ufetubi
  4 worms
  2 dart slugs
  8 orcs
  3 bats
  6 endoplasms
  6 giant cockroaches
  12 goblins
  8 hobgoblins
  3 quokkas
  6 ball pythons
  2 frilled lizards (D:2)
  12 kobolds
  9 rats
109 creatures vanquished.

Vanquished Creatures (others)
  A hobgoblin (D:2)
  337 foxfires
338 creatures vanquished.

Grand Total: 447 creatures vanquished

Notes
Turn   | Place    | Note
-------+----------+-------------------------------------------
     0 | D:1      | grimtooth the Demigod Fire Elementalist began the quest for
                  | the Orb.
     0 | D:1      | Reached XP level 1. HP: 14/14 MP: 5/5
     6 | D:1      | - just screwed myself didnt i
    19 | D:1      | Reached skill level 1 in Conjurations
   388 | D:1      | Reached XP level 2. HP: 20/20 MP: 4/7
   602 | D:1      | - the stones pay off!
  1177 | D:2      | Learned a level 1 spell: Sandblast
  1217 | D:2      | Reached XP level 3. HP: 25/26 MP: 6/8
  1886 | D:3      | - got to be kidding me
  2131 | D:3      | Reached XP level 4. HP: 32/33 MP: 3/9
  2893 | D:4      | Noticed a bullfrog
  2912 | D:4      | Noticed Duvessa
  2914 | D:4      | Noticed Dowan
  3082 | D:4      | Noticed an angel
  3101 | D:4      | Reached XP level 5. HP: 38/38 MP: 7/10
  3124 | D:4      | Noticed Robin
  3134 | D:4      | Killed Robin
  3339 | D:5      | Entered Level 5 of the Dungeon
  3381 | D:5      | Noticed a black bear
  3465 | D:5      | Noticed a necrophage
  3472 | D:5      | Killed a necrophage
  3561 | D:5      | Reached XP level 6. HP: 45/45 MP: 6/11
  3571 | D:4      | Learned a level 3 spell: Conjure Flame
  3681 | D:5      | Reached skill level 5 in Fire Magic
  4224 | D:6      | Noticed a wyvern
  4238 | D:6      | Killed a wyvern
  4239 | D:6      | Reached skill level 5 in Conjurations
  4239 | D:6      | Reached XP level 7. HP: 40/50 MP: 0/12
  4509 | D:6      | Reached skill level 1 in Earth Magic
  5392 | D:6      | Reached XP level 8. HP: 57/57 MP: 5/13
  5940 | D:4      | HP: 1/57 [Duvessa (12)]
  5944 | D:4      | Killed from afar by Dowan

Illustrated notes ##+###+### #......B.. +.......## #.r.....r. ##B###+## #P.@# #.<.# ##### Turn 6 on D:1: - just screwed myself didnt i

.P#...#P..#......................
###########.#.#..................
.....#..#..#......#..#..
###.#.##.#..#..#.#.#..#..
#......................
#.#.##.#..#.##.#.......
###............######
#..#..#.##.#. ♣. #.........
♣_♣.g#.....#.##.# ♣.....@.......
. ...........#.##.
##.###.:....... . # .......... .
.#.#...#.## # .... ....... .. #.
#...... ... #. ..#.#


Turn 602 on D:1: - the stones pay off! ... ... .. #. ###.### #.# #.#.S. ..
#.##.# .# #@##.#####.## #.o..o......#### ####......#..... #####....# #.#.###
#.#... ##.#.### ##....####.# #.........o# ##....####### ..$...#........ Turn
1886 on D:3: - got to be kidding me

Levels and vault maps discovered:
D:1:      dpeg_arrival_prison, layout_basic, chequers_ecumenical_altar_simple
D:2:      layout_rooms
D:3:      layout_loops_ring, kennysheep_flooded_box,
          chequers_hall_statues_wall_a, minmay_crystal_room
D:4:      kennysheep_big_flooded_room, layout_rooms,
          grunt_temple_overflow_order_and_chaos_1,
          kennysheep_opposing_triangles, uniq_robin, uniq_duvessa
D:5:      layout_cave_pools
D:6:      layout_loops_cross, serial_rivers, chequers_serial_rivers_marsh,
          chequers_serial_rivers_micro_e, chequers_serial_rivers_micro_a,
          chequers_serial_rivers_large_a, chequers_serial_rivers_micro_e,
          chequers_serial_rivers_small_a

Skill      XL: |  1  2  3  4  5  6  7 |
---------------+----------------------+-----
Conjurations   | 1 2 3 4 5 6 |  6.4
Fire Magic     | 3 4 5 6 |  6.0
Earth Magic    | 3 |  3.2
Dodging        | |  1.7
Stealth        | |  1.7
Spellcasting   | |  1.7

Action                   |  1- 3 |  4- 6 |  7- 9 || total
-------------------------+-------+-------+-------++-------
Melee: Hand axe          |     1 |       |       ||     1
       Unarmed           |       |     6 |       ||     6
       Dagger            |       |     1 |     5 ||     6
 Cast: Foxfire           |    80 |    79 |    35 ||   194
       Sandblast         |     5 |     5 |    19 ||    29
       Conjure Flame     |       |     3 |     2 ||     5
Evoke: Wand              |       |       |     1 ||     1
  Use: Scroll            |       |     2 |     1 ||     3
       Potion            |       |     1 |     2 ||     3
Armor: Robe              |    11 |     4 |     1 ||    16
       Skin              |       |     4 |       ||     4
Dodge: Dodged            |    52 |    19 |    12 ||    83
